 Dungeon Crawl Stone Soup version 0.27-a0-909-g0721f309d1 (webtiles) character file.

Game seed: 9811277286438428140

4 Alarkh the Insei (level 1, 0/15 HPs)
             Began as a Demonspawn Transmuter on Apr 8, 2021.
             Slain by a goblin
             ... wielding a +0 dagger
              (1 damage)
             ... on level 1 of the Dungeon.
             The game lasted 00:00:07 (31 turns).

Alarkh the Insei (Demonspawn Transmuter)              Turns: 31, Time: 00:00:08

Health: 0/15       AC:  2    Str: 10    XL:     1   Next: 50%
Magic:  3/3        EV: 12    Int: 14    God:
Gold:   0          SH:  0    Dex: 13    Spells: 3/4 levels left

rFire    . . .     SeeInvis .     - Unarmed
rCold    . . .     Faith    .   (no shield)
rNeg     + . .     Spirit   .   a - +0 robe
rPois    .         Reflect  .   (helmet currently unavailable)
rElec    .         Harm     .   (no cloak)
rCorr    .         Rampage  .   (no gloves)
Will     .....                  (boots currently unavailable)
Stlth    +.........             (no amulet)
HPRegen  0.05/turn              b - ring of positive energy
MPRegen  0.08/turn              (no ring)

@: appendages (expiring)
A: horns 2, talons 2
a: End Transformation


You were on level 1 of the Dungeon.
You had temporarily grown beastly horns and talons.
You visited 1 branch of the dungeon, and saw 1 of its levels.

Inventory:

Armour
 a - a +0 robe (worn)
Jewellery
 b - a ring of positive energy (left hand)


   Skills:
 + Level 1.2 Fighting
 - Level 1.7 Dodging
 * Level 2.9 Unarmed Combat
 - Level 2.0 Spellcasting
 - Level 1.7 Transmutations


You had 3 spell levels left.
You knew the following spells:

 Your Spells              Type           Power      Damage    Failure   Level
a - Beastly Appendage     Tmut           12%        N/A       12%         1

Your spell library contained the following spells:

 Spells                   Type           Power      Damage    Failure   Level
 Wereblood                Tmut           6%         N/A       17%         2
 Spider Form              Tmut/Pois      1%         N/A       45%         3
 Ice Form                 Ice/Tmut       3%         N/A       86%         4
 Hydra Form               Tmut           3%         N/A       97%         5


Dungeon Overview and Level Annotations

Branches:
Dungeon (1/15)

Altars:


Innate Abilities, Weirdness & Mutations

You have temporarily grown beastly horns and talons.


Message History

An endoplasm comes into view.
The jackal misses you.
You hear a shout!
You hit the jackal.
The jackal is moderately wounded.
The jackal closely misses you.
You closely miss the jackal. You headbutt the jackal.
You kill the jackal!
You hit the jackal.
You kill the jackal!
A goblin comes into view. It is wielding a +0 dagger.
You hit the endoplasm.
The endoplasm is moderately wounded.
Your transformation is almost over.
The endoplasm freezes you.
You are frozen.
You hit the endoplasm but do no damage. You claw the endoplasm.
You kill the endoplasm!
The goblin hits you with a +0 dagger.
Things that are here:
a jackal corpse; a jackal corpse You closely miss the goblin.
Your headbutt misses the goblin. The goblin hits you with a +0 dagger.
You are too injured to fight recklessly!
You are too injured to fight recklessly!
You are too injured to fight recklessly!
You are too injured to fight recklessly!
You are too injured to fight recklessly!
You are too injured to fight recklessly!
You are too injured to fight recklessly!
You are too injured to fight recklessly!
You are too injured to fight recklessly!
You are too injured to fight recklessly!
You are too injured to fight recklessly!
You are too injured to fight recklessly!
You barely miss the goblin. The goblin hits you with a +0 dagger.
* * * LOW HITPOINT WARNING * * *
You completely miss the goblin. Your kick misses the goblin.
Your headbutt misses the goblin. The goblin hits you with a +0 dagger.
You die...

### ..# #.##
#####.. .....# ##
.#######..#####..$#
............@g..#
..........#####...#
..#####...# ##
..#####...#####
≈≈≈≈≈≈≈.≈≈≈≈≈≈≈≈
######♣##'##♣#####
#<.8#≈♣≈#'#
#...##8##.##8##
#...'(........+


You could see a goblin.

Vanquished Creatures
  An endoplasm (D:1)
  2 jackals (D:1)
3 creatures vanquished.

Notes
Turn   | Place    | Note
-------+----------+-------------------------------------------
     0 | D:1      | Alarkh the Demonspawn Transmuter began the quest for the
                  | Orb.
     0 | D:1      | Reached XP level 1. HP: 15/15 MP: 3/3
    31 | D:1      | Slain by a goblin

Illustrated notes

Levels and vault maps discovered:
D:1:      saegor_arrival_fortress, layout_loops_ring, serial_shops, shop,
          chequers_ecumenical_altar_island

Action                   || total
-------------------------++-------
Melee: Unarmed           ||     8
       Kick              ||     1
       Headbutt          ||     1
 Cast: Beastly Appendage ||     1
Dodge: Dodged            ||     2

Table legend: (Time is in decaauts)
 A = Elapsed time spent in this place.
 B = Non-inter-level travel time spent in this place.
 C = Inter-level travel time spent in this place.
 D = Time resting spent in this place.
 E = Time spent auto-exploring this place.
 F = Levels seen in this place.
 G = Mean time per level.
                   A        B        C        D        E       F      G
               +--------+--------+--------+--------+--------+-----+--------+
         Total |     30 |     30 |      0 |      0 |     14 |   1 |   30.0 |
       Dungeon |     30 |     30 |      0 |      0 |     14 |   1 |   30.0 |
               +--------+--------+--------+--------+--------+-----+--------+

Top non-repeatable levels by time:
     D:1: 30 daAuts
